 Dungeon Crawl Stone Soup version 0.17.1-2-g5865329 (webtiles) character file.

562 Mysteryquy the Gusty (level 7, -1/36 HPs)
             Began as a Tengu Air Elementalist on Jan 11, 2016.
             Killed by divine providence
             ... invoked by an orc priest
              (14 damage)
             ... on level 4 of the Dungeon.
             The game lasted 00:10:56 (4614 turns).

Mysteryquy the Gusty (Tengu Air Elementalist)       Turns: 4614, Time: 00:10:56

Health: -1/36      AC:  5    Str:  9    XL:     7   Next: 31%
Magic:  14/14      EV: 12    Int: 17    God:
Gold:   65         SH:  0    Dex: 14    Spells: 2 memorised, 11 levels left

rFire  . . .     SeeInvis .     (no weapon)
rCold  . . .     Clarity  .     a - +0 robe
rNeg   . . .     SustAt   .     (no shield)
rPois  .         Gourm    .     (helmet restricted)
rElec  .         Spirit   .     i - +2 cloak
rCorr  .         Warding  .     (no gloves)
rMut   .         Stasis   .     (boots unavailable)
MR     .....                    (no amulet)
Stlth  ++........               (no ring)
                                (no ring)

@: not resistant to hostile enchantments, unstealthy
A: beak, talons 3, able to fly 1
a: Fly


You were on level 4 of the Dungeon.
You were not hungry.

You visited 1 branch of the dungeon, and saw 4 of its levels.

You collected 65 gold pieces.

Inventory:

Armour
 a - a +0 robe (worn)
 i - a +2 cloak (worn)
Jewellery
 s - a +5 ring of intelligence {unknown}
Scrolls
 e - a scroll of identify {unknown}
 k - 2 scrolls of random uselessness {unknown}
 l - 3 scrolls of remove curse {unknown}
 m - 2 scrolls of noise {unknown}
 o - 2 scrolls of recharging {unknown}
 p - 3 scrolls of amnesia {unknown}
 t - a scroll of blinking {unknown}
Potions
 d - a potion of haste {unknown}
 j - a potion of heal wounds {unknown}
 n - 2 potions of might
 r - a potion of magic {unknown}
Books
 b - a book of Air

   Spells                             Type                      Level
   a - Shock                          Conjuration/Air              1
   b - Swiftness                      Charms/Air                   2
   c - Repel Missiles                 Charms/Air                   2
   d - Static Discharge               Conjuration/Air              3
   e - Lightning Bolt                 Conjuration/Air              5
Comestibles
 c - 2 bread rations
 f - 6 fruits
 g - 2 meat rations
 h - a beef jerky
 q - a slice of pizza


   Skills:
 - Level 2.1 Dodging
 - Level 2.0 Stealth
 - Level 0.4 Unarmed Combat
 + Level 4.5 Spellcasting
 + Level 4.9 Conjurations
 + Level 7.3 Air Magic


You had 11 spell levels left.
You knew the following spells:

 Your Spells              Type           Power        Failure   Level  Hunger
a - Shock                 Conj/Air       ###.         1%          1    None
b - Static Discharge      Conj/Air       ###.....     4%          3    ###....


Dungeon Overview and Level Annotations

Branches:
Dungeon (4/15)
 Temple: D:4-7

Altars:
Yredelemnul


Innate Abilities, Weirdness & Mutations

You have a beak for a mouth.
You have claws for feet.
You can fly.


Message History

You start resting.
Magic restored.
Casting: Shock
Confirm with . or Enter, or press ? or * to list all spells.
You can't see any susceptible monsters within range! (Use Z to cast anyway.)
Casting: Shock
Confirm with . or Enter, or press ? or * to list all spells.
You can't see any susceptible monsters within range! (Use Z to cast anyway.)
t - a scroll labeled CUDOMO IXIMNE 3 orcs, an orc priest and an orc wizard come into view.
Found 12 gold pieces.
The orc wizard shouts!
The orc priest shouts!
The orc shouts!
The orc wizard points at you and mumbles some strange words.
The puff of frost hits you!
The orc priest mumbles some strange prayers to Beogh against you.
Something smites you!
The orc priest calls down the wrath of Beogh upon you.
Something smites you!
You die...

#....# .....# #...
#...÷# ....# #####
#....# ... #....#
#.# #....# #.#
###### # #....# #.#
#....# ..# #....#
#.# #....##...#
######
#####.####........#
#.....@.....o.....#
#...........#oo...#
#.....[.....#.....#
#...........#.....#
#
#...........#.o$o.#
.
#...........#..oo.#
.
#...........#.....#
.
#...........#.....#
. #...†.......# .


You could see an orc priest and an orc wizard.

Vanquished Creatures
  2 phantoms (D:4)
  A scorpion (D:4)
  A hound (D:4)
  An orc priest (D:4)
  Terence (D:3)
  A worker ant (D:4)
  6 adders
  6 gnolls (D:3)
  4 worms
  4 giant geckos
  11 orcs
  16 goblins
  3 hobgoblins
  7 jackals (D:1)
  7 quokkas
  2 ball pythons
  5 bats
  4 giant newts
  8 kobolds
  9 rats
99 creatures vanquished.

Notes
Turn   | Place    | Note
--------------------------------------------------------------
     0 | D:1      | Mysteryquy the Tengu Air Elementalist began the quest for the Orb.
     0 | D:1      | Reached XP level 1. HP: 10/10 MP: 4/4
   144 | D:1      | Reached XP level 2. HP: 10/15 MP: 3/6
   823 | D:1      | Reached XP level 3. HP: 19/19 MP: 5/7
  1194 | D:1      | Learned a level 3 spell: Static Discharge
  1201 | D:2      | Found a faded altar to an unknown god.
  1349 | D:2      | Reached skill level 5 in Air Magic
  1671 | D:2      | Reached XP level 4. HP: 24/24 MP: 7/9
  1766 | D:2      | Found a basalt altar of Yredelemnul.
  2492 | D:3      | Gained mutation: You can fly. [Tengu growth]
  2492 | D:3      | Reached XP level 5. HP: 28/28 MP: 1/10
  2781 | D:3      | Noticed Terence
  2789 | D:3      | Killed Terence
  2803 | D:3      | Reached skill level 6 in Air Magic
  3271 | D:3      | Reached XP level 6. HP: 32/32 MP: 8/12
  3999 | D:4      | Reached skill level 7 in Air Magic
  3999 | D:4      | Reached XP level 7. HP: 15/36 MP: 5/14
  4614 | D:4      | Killed from afar by an orc priest

Action                   |  1- 3 |  4- 6 |  7- 9 || total
-------------------------+-------+-------+-------++-------
Melee: Unarmed           |    29 |    46 |       ||    75
 Cast: Shock             |    74 |   147 |    23 ||   244
       Static Discharge  |       |     9 |     2 ||    11
  Use: Potion            |       |     1 |       ||     1
  Eat: Chunk             |     3 |     8 |     2 ||    13
